 Dungeon Crawl Stone Soup version 0.17-a0-1716-gdf19ebb (webtiles) character file.

448 MasterCK the Ruffian (level 6, -13/62 HPs)
             Began as a Troll Berserker on Aug 24, 2015.
             Was an Elder of Trog.
             Mangled by Prince Ribbit (18 damage)
             ... on level 5 of the Dungeon.
             The game lasted 00:17:55 (4264 turns).

MasterCK the Ruffian (Troll Berserker)              Turns: 4264, Time: 00:17:55

Health: -13/62     AC:  5    Str: 28      XL:     6   Next: 73%
Magic:  5/5        EV: 10    Int:  3      God:    Trog [****..]
Gold:   220        SH:  0    Dex:  8 (9)  Spells: 0 memorised, 5 levels left

rFire  + . .     SeeInvis .       - Unarmed
rCold  . . .     Clarity  .     C - +0 animal skin
rNeg   . . .     SustAt   .     (no shield)
rPois  .         Gourm    +     (helmet restricted)
rElec  .         Spirit   .     (no cloak)
rCorr  .         Warding  .     (gloves unavailable)
rMut   .         Stasis   .     (boots unavailable)
MR     .....                    (no amulet)
Stlth  +.........               (no ring)
                                (no ring)

@: exhausted, slowed, very slow, not resistant to hostile enchantments, very
unstealthy
A: unfitting armour, claws 3, fire resistance 1, fast metabolism 3, gourmand,
regeneration 2, shaggy fur 1, tough skin 2
a: Burn Spellbooks, Berserk, Trog's Hand, Brothers in Arms, Renounce Religion


You were on level 5 of the Dungeon.
You worshipped Trog.
Trog was greatly pleased with you.
You were not hungry.

You visited 1 branch of the dungeon, and saw 5 of its levels.

You collected 220 gold pieces.

Inventory:

Hand weapons
 e - the cursed +0 great sword of Beogh's Outrage {slice, rPois MP-9 Dex+3, unknown}
   (You found it on level 5 of the Dungeon)

   It inflicts extra damage upon your enemies.
   It affects your dexterity (+3).
   It protects you from poison.
   It affects your magic capacity (-9).
   It has a curse placed upon it.
 B - a +1 spear of piercing
Missiles
 k - 8 poisoned tomahawks (quivered)
 G - 2 needles of confusion
Armour
 C - a +0 animal skin (worn)
Magical devices
 Q - a wand of polymorph (8)
Scrolls
 d - a scroll of remove curse
 p - 3 scrolls of identify
Potions
 c - a potion of lignification
 l - a potion of flight
 u - a potion of brilliance
Comestibles
 b - 3 bread rations
 r - 2 meat rations


   Skills:
 * Level 3.6 Fighting
 * Level 4.4 Dodging
 + Level 0.3 Stealth
 * Level 5.0 Unarmed Combat


You had 5 spell levels left.
You didn't know any spells.

Dungeon Overview and Level Annotations

Branches:
Dungeon (5/15)             Temple (0/1) D:4

Altars:
Cheibriados
Elyvilon
Kikubaaqudgha
Qazlal
Sif Muna
Yredelemnul

Annotations:
D:5 Prince Ribbit


Innate Abilities, Weirdness & Mutations

You are too large for most types of armour.
You have claws for hands.
Your metabolism is lightning-fast.
You like to eat raw meat.
You heal very quickly.
You are covered in fur (AC +1).
You have very tough skin (AC +2).
Your flesh is heat resistant.


Message History

You are no longer berserk.
You are exhausted.
You feel yourself slow down. Prince Ribbit hits you! x2
Prince Ribbit momentarily phases out as your attack passes through him.
Prince Ribbit is heavily wounded.
Prince Ribbit hits you. Prince Ribbit misses you.
You closely miss Prince Ribbit.
Prince Ribbit is moderately wounded.
Prince Ribbit hops awkwardly around.
Prince Ribbit hits you!
* * * LOW HITPOINT WARNING * * *
Prince Ribbit barely misses you.
You scratch Prince Ribbit.
Prince Ribbit is heavily wounded.
Prince Ribbit lets out a mournful croak.
Prince Ribbit closely misses you. Prince Ribbit hits you!
* * * LOW HITPOINT WARNING * * *
Prince Ribbit hits you!!
You die...

..# ..# ..# ..# ..## .
..## #... #######..#.....
##### #............[.
####...## ##....@.........
........###.....F...$.....
.........##....(..........
######....................
###..................
###................ ######
##...........[.... .....##
#............... ......#
#...............


You could see Prince Ribbit.

Vanquished Creatures
  An ogre (D:4)
  An iguana (D:4)
  2 orc wizards
  Natasha (thrice) (D:2)
  A worker ant (D:4)
  A hound skeleton (D:4)
  Robin (D:2)
  8 adders
  3 worms
  3 giant geckos
  11 orcs
  6 bats
  7 hobgoblins
  13 jackals
  10 kobolds
  3 ball pythons
  5 giant cockroaches
  9 giant newts
  14 goblins
  A jackal skeleton (D:4)
  7 rats
  A spectral orc (D:3)
  10 plants (D:3)
121 creatures vanquished.

Vanquished Creatures (others)
  A plant (D:3)
1 creature vanquished.

Grand Total: 122 creatures vanquished

Notes
Turn   | Place    | Note
--------------------------------------------------------------
     0 | D:1      | MasterCK the Troll Berserker began the quest for the Orb.
     0 | D:1      | Reached XP level 1. HP: 22/22 MP: 0/0
   194 | D:1      | Reached XP level 2. HP: 27/29 MP: 1/1
   643 | D:1      | Acquired Trog's second power
   902 | D:2      | Reached XP level 3. HP: 36/36 MP: 2/2
  1086 | D:2      | Noticed Robin
  1118 | D:2      | Killed Robin
  1118 | D:2      | Reached XP level 4. HP: 20/44 MP: 3/3
  1456 | D:2      | Noticed Natasha
  1464 | D:2      | Killed Natasha
  1464 | D:2      | Reached skill level 4 in Unarmed Combat
  1567 | D:2      | Noticed Natasha
  1592 | D:2      | Killed Natasha
  1692 | D:2      | Noticed Natasha
  1705 | D:2      | Killed Natasha
  1851 | D:3      | Reached XP level 5. HP: 53/53 MP: 4/4
  1946 | D:3      | Found a basalt altar of Yredelemnul.
  2086 | D:3      | Found an ancient bone altar of Kikubaaqudgha.
  2995 | D:4      | Reached XP level 6. HP: 58/61 MP: 5/5
  2997 | D:4      | Acquired Trog's third power
  3055 | D:4      | Found a staircase to the Ecumenical Temple.
  3261 | D:4      | Gained mutation: Your flesh is heat resistant. [potion of mutation]
  3261 | D:4      | Gained mutation: Your body sometimes deteriorates upon taking damage. [potion of mutation]
  3261 | D:4      | Lost mutation: Your body sometimes deteriorates upon taking damage. [potion of mutation]
  3432 | D:4      | Noticed an ogre
  3439 | D:4      | Killed an ogre
  3439 | D:4      | Reached skill level 5 in Unarmed Combat
  3555 | D:4      | Found a white marble altar of Elyvilon.
  3556 | D:4      | Found a stormy altar of Qazlal.
  3556 | D:4      | Found a snail-covered altar of Cheibriados.
  3561 | D:4      | Found a deep blue altar of Sif Muna.
  4106 | D:5      | Entered Level 5 of the Dungeon
  4136 | D:5      | Got a crude great sword
  4247 | D:5      | Noticed Prince Ribbit
  4264 | D:5      | Mangled by Prince Ribbit

Vault maps used:
D:1:      ncdulo_lavacross, kennysheep_boxes
D:2:      uniq_natasha, uniq_robin
D:3:      kiku_gazebo_garden_becter, yredelemnul_forgotten_temple_becter
D:4:      minitemple, minmay_temple_entry_glassed_door
D:5:      old_standard_altar, first_bread, uniq_prince_ribbit1

Action                   |  1- 3 |  4- 6 || total
-------------------------+-------+-------++-------
Melee: Unarmed           |    91 |   290 ||   381
Invok: Berserk           |       |     3 ||     3
  Use: Potion            |       |     6 ||     6
       Scroll            |       |     5 ||     5
  Eat: Chunk             |     7 |    23 ||    30
       Meat ration       |       |     2 ||     2
